NULL
Full Scoreboard »»

Wild vs Canucks

Created - January 31, 2024 at 20:52

Goals
1 2 3 OT1 SO T
Wild 0 1 1 0 1 2
Canucks 0 1 1 0 2 3
Shots
1 2 3 OT1 SO T
Wild 14 3 16 1 3 34
Canucks 4 16 6 3 3 29

GoalsPenalties
1st period
No Goal
Andrew Copp (VAN) for Fighting (Major) at 12:00
Radko Gudas (MIN) for Fighting (Major) at 12:00
2nd period
1. Canucks , Andrew Copp 11 (Cody Ceci 5, Kyle Palmieri 15) at 16:59
2. Wild , Zach Hyman 9 (David Reinbacher 3, Jared McCann 22) at 19:49
Phillip Di Giuseppe (MIN) for High sticking (Minor) at 1:18
John Tavares (VAN) for Interference (Minor) at 8:41
3rd period
3. Wild , Kasperi Kapanen 7 (Eeli Tolvanen 15, Philipp Kurashev 5) at 10:20
4. Canucks , Quinn Hughes 8 (Kyle Palmieri 16) at 14:05 (PP)
Nick Seeler (MIN) for Tripping (Minor) at 13:59
Timo Meier (VAN) for Goalie Interference (Minor) at 14:17
Timo Meier (VAN) for Hooking (Minor) at 19:35
Overtime #1
No Goal
Shootout
Wild, Mikko Rantanen - Shot Misses the Net
Canucks, Timo Meier - Goal!
Wild, Nico Hischier - Goal!
Canucks, John Tavares - Stopped by Jaroslav Halak
Wild, Jared McCann - Stopped by Craig Anderson
Canucks, Nikita Kucherov - Goal!
Goalie Stats
Jaroslav Halak (MIN), 27 saves from 29 shots - (0.931), OTL, 4-1-1, 65:00 minutes
Craig Anderson (VAN), 32 saves from 34 shots - (0.941), W, 5-0-1, 65:00 minutes
3 StarsOfficial
1 - Kasperi Kapanen (MIN)
2 - Craig Anderson (VAN)
3 - Kyle Palmieri (VAN)
Referees : Unknown
Linesman : Unknown
Game Note
Andrew Copp beats up Radko Gudas at 12:00 of 1st period



Team Name Goals Shots Shots Attemp Shots Blocked PIM HIT PP PK FO%
Wild 23468189350 / 3 (0%)153%
Canucks 32973811301 / 2 (50%)047%

Wild
Player Name POS G A P +/- PIM HIT SHT SB MP PP MP PP SHT PK MP PK SHT FO% FOT GA TA
Andrej SekeraD0000001118:400:0000:2200% 001
David ReinbacherD0111011119:532:1501:0200% 001
Eeli TolvanenRW0111022114:511:5400:5700% 000
Jared McCannC/LW0110017120:321:5500:19048% 2120
Kasperi KapanenLW/RW1011032013:490:0000:5200% 000
Kevin ShattenkirkD0000041325:112:0701:0300% 010
Mikko RantanenLW/RW0000003019:542:2710:00075% 411
Nick SeelerD0001220016:400:0000:0000% 002
Nico HischierC0000015120:122:2710:00067% 1830
Oliver Ekman-LarssonD0000030222:292:1500:5400% 010
Philipp KurashevC0111020015:071:5501:00029% 701
Phillip Di GiuseppeLW/RW0000213110:110:0100:0000% 001
Radko GudasD0000560421:472:0700:4900% 000
Ryan StromeC/RW0000001019:232:2700:0000% 100
Sam LaffertyC/RW0000021010:020:0000:00067% 300
Zach HymanC/LW/RW1010024018:440:0001:0200% 101
Zach PariseC/LW/RW0000032317:230:0000:0000% 000
Zach SanfordLW/RW000002109:540:0000:0000% 001
Canucks
Player Name POS G A P +/- PIM HIT SHT SB MP PP MP PP SHT PK MP PK SHT FO% FOT GA TA
Alec MartinezD0000000216:400:0000:0000% 002
Alexander KerfootC/LW0000011018:440:0003:19054% 1320
Andrei KuzmenkoLW000001007:030:0000:1300% 001
Andrew CoppC/LW1010514016:250:5300:2000% 010
Cody CeciD0110021016:400:0000:0000% 010
Damon SeversonD0000051226:141:2303:2100% 001
David KampfC/RW0000041015:300:0000:0000% 010
John KlingbergD000-1032120:080:4202:3600% 000
John TavaresC000-1246020:491:1201:59048% 2110
Justin SchultzD000-1000120:120:4202:3600% 010
Kyle PalmieriC/LW/RW0220022018:530:5301:44025% 1210
Mattias JanmarkC/LW000-101004:350:0000:000100% 100
Nikita KucherovLW/RW000-1020120:321:1201:44080% 500
Noah CatesLW0000002015:240:0000:0000% 000
Quinn HughesD1010016126:421:2313:2100% 002
Tanner PearsonLW/RW0000021016:580:5300:0000% 000
Timo MeierLW/RW0000412022:331:1201:00050% 202
Trent FredericC/LW000000006:330:0000:0000% 110

Wild

5 vs 5 Forward
Line #Left WingCenterRight WingPHYDFOFWanted %Time %Time Play
1Mikko RantanenNico HischierRyan Strome0233329%15:27
2Zach HymanJared McCannZach Parise0233230%16:16
3Kasperi KapanenPhilipp KurashevEeli Tolvanen0232021%11:20
4Phillip Di GiuseppeSam LaffertyZach Sanford0231520%10:30
5 vs 5 Defense
Line #DefenseDefensePHYDFOFWanted %Time %Time Play
1Radko GudasAndrej Sekera1403636%19:22
2Oliver Ekman-LarssonKevin Shattenkirk0413433%17:48
3David ReinbacherNick Seeler1403030%16:11
4Radko GudasKevin Shattenkirk12200%0:12
Power Play Forward
Line #Left WingCenterRight WingPHYDFOFWanted %Time %Time Play
1Mikko RantanenNico HischierRyan Strome0145056%2:27
2Jared McCannPhilipp KurashevEeli Tolvanen0145044%1:55
Power Play Defense
Line #DefenseDefensePHYDFOFWanted %Time %Time Play
1Radko GudasKevin Shattenkirk1135048%2:07
2David ReinbacherOliver Ekman-Larsson1135052%2:15
Penalty Kill 4 Players Forward
Line #CenterWingPHYDFOFWanted %Time %Time Play
1Philipp KurashevKasperi Kapanen0415048%1:00
2Zach HymanEeli Tolvanen0415052%1:05
Penalty Kill 4 Players Defense
Line #DefenseDefensePHYDFOFWanted %Time %Time Play
1Radko GudasKevin Shattenkirk1315050%1:03
2David ReinbacherOliver Ekman-Larsson1315050%1:02
Penalty Kill 3 Players
Line #WingPHYDFOFWanted %Time %Time PlayDefenseDefensePHYDFOFWanted %Time %Time Play
1Philipp Kurashev050500%0:00 Radko GudasKevin Shattenkirk050500%0:00
2Kasperi Kapanen050500%0:00 David ReinbacherOliver Ekman-Larsson050500%0:00
4 vs 4 Forward
Line #CenterWingPHYDFOFWanted %Time %Time Play
1Mikko RantanenNico Hischier0235053%0:50
2Ryan StromeJared McCann0235047%0:45
4 vs 4 Defense
Line #DefensePHYDFOFWanted %Time %Time Play
1Radko GudasKevin Shattenkirk0415052%50% - 0:49
2Andrej SekeraOliver Ekman-Larsson0415048%50% - 0:46
Last Minutes Offensive
Left WingCenterRight WingDefenseDefense
Mikko RantanenNico HischierRyan StromeOliver Ekman-LarssonKevin Shattenkirk
Last Minutes Defensive
Left WingCenterRight WingDefenseDefense
Jared McCannNico HischierMikko RantanenRadko GudasKevin Shattenkirk
Time
Total ForwardTotal DefenseLast Minutes OffensiveLast Minutes Defensive
61:35 61:35 0:000:00
Extra Forwards
Normal PowerPlayPenalty Kill
Mikko Rantanen, Nico Hischier, Ryan StromeMikko Rantanen, Nico HischierPhilipp Kurashev
Extra Defensemen
Normal PowerPlayPenalty Kill
Radko Gudas, David Reinbacher, Andrej SekeraKevin Shattenkirk, Radko GudasKevin Shattenkirk
Penalty Shots
Mikko Rantanen, Nico Hischier, Jared McCann, Zach Hyman, Ryan Strome
Goalie
Jaroslav Halak, Jake Allen
Custom OT Lines Forwards
Mikko Rantanen, Nico Hischier, Jared McCann, Zach Hyman, Ryan Strome, Zach Parise, Kasperi Kapanen, Eeli Tolvanen, Philipp Kurashev, Sam Lafferty
Custom OT Lines Defensemen
Radko Gudas, Kevin Shattenkirk, David Reinbacher, Oliver Ekman-Larsson, Andrej Sekera
Scratches
Anton Stralman (Healthy), Ben Harpur (Healthy), Jonas Johansson (Healthy)

Canucks

5 vs 5 Forward
Line #Left WingCenterRight WingPHYDFOFWanted %Time %Time Play
1Timo MeierJohn TavaresNikita Kucherov1223030%15:50
2Andrew CoppKyle PalmieriTanner Pearson1223029%15:46
3Noah CatesAlexander KerfootDavid Kampf1223029%15:24
4Andrei KuzmenkoTrent FredericTimo Meier1221012%6:33
5 vs 5 Defense
Line #DefenseDefensePHYDFOFWanted %Time %Time Play
1Quinn HughesDamon Severson1223030%15:57
2John KlingbergJustin Schultz1223030%16:13
3Cody CeciAlec Martinez1223031%16:40
4Quinn HughesDamon Severson122109%4:43
Power Play Forward
Line #Left WingCenterRight WingPHYDFOFWanted %Time %Time Play
1Timo MeierJohn TavaresNikita Kucherov1225058%1:12
2Andrew CoppKyle PalmieriTanner Pearson1225042%0:53
Power Play Defense
Line #DefenseDefensePHYDFOFWanted %Time %Time Play
1Quinn HughesDamon Severson1225066%1:23
2John KlingbergJustin Schultz1225034%0:42
Penalty Kill 4 Players Forward
Line #CenterWingPHYDFOFWanted %Time %Time Play
1Timo MeierJohn Tavares1225060%2:38
2Nikita KucherovKyle Palmieri1225040%1:44
Penalty Kill 4 Players Defense
Line #DefenseDefensePHYDFOFWanted %Time %Time Play
1Quinn HughesDamon Severson1225051%2:13
2John KlingbergJustin Schultz1225049%2:09
Penalty Kill 3 Players
Line #WingPHYDFOFWanted %Time %Time PlayDefenseDefensePHYDFOFWanted %Time %Time Play
1Timo Meier1225064%1:01 Quinn HughesDamon Severson1225072%1:08
2John Tavares1225036%0:34 John KlingbergJustin Schultz1225028%0:27
4 vs 4 Forward
Line #CenterWingPHYDFOFWanted %Time %Time Play
1Timo MeierJohn Tavares122500%0:00
2Nikita KucherovKyle Palmieri122500%0:00
4 vs 4 Defense
Line #DefensePHYDFOFWanted %Time %Time Play
1Quinn HughesDamon Severson122500%0:00
2John KlingbergJustin Schultz122500%0:00
Last Minutes Offensive
Left WingCenterRight WingDefenseDefense
Timo MeierJohn TavaresNikita KucherovQuinn HughesDamon Severson
Last Minutes Defensive
Left WingCenterRight WingDefenseDefense
Timo MeierJohn TavaresNikita KucherovQuinn HughesDamon Severson
Time
Total ForwardTotal DefenseLast Minutes OffensiveLast Minutes Defensive
61:35 61:35 0:000:00
Extra Forwards
Normal PowerPlayPenalty Kill
Mattias Janmark, Noah Cates, Alexander KerfootMattias Janmark, Noah CatesAlexander Kerfoot
Extra Defensemen
Normal PowerPlayPenalty Kill
Cody Ceci, Alec Martinez, John KlingbergCody Ceci, Alec MartinezJohn Klingberg
Penalty Shots
Timo Meier, John Tavares, Nikita Kucherov, Kyle Palmieri, Andrew Copp
Goalie
Craig Anderson, Joonas Korpisalo
Custom OT Lines Forwards
Timo Meier, John Tavares, Nikita Kucherov, Kyle Palmieri, Andrew Copp, Tanner Pearson, Noah Cates, Alexander Kerfoot, Andrei Kuzmenko, David Kampf
Custom OT Lines Defensemen
Quinn Hughes, Damon Severson, John Klingberg, Justin Schultz, Cody Ceci
Scratches
Colin Blackwell (Healthy), Joel Kiviranta (Healthy), Noah Gregor (Healthy), Tyler Pitlick (Healthy)


Play-by-Play

1st period


0:01 of 1st period - Nico Hischier wins face-off versus John Tavares in neutral zone.
0:12 of 1st period - Wrist shot by Nico Hischier.
0:12 of 1st period - Shot Blocked by Damon Severson.
0:28 of 1st period - Snap shot by Jared McCann.
0:28 of 1st period - Shot Blocked by Damon Severson.
0:30 of 1st period - Wrist shot by Zach Parise.
0:30 of 1st period - Deflect By Zach Hyman.
0:30 of 1st period - Stopped by Craig Anderson with a rebound.
0:32 of 1st period - Slapshot by Zach Hyman.
0:32 of 1st period - Shot Misses the Net.
0:34 of 1st period - Wrist shot by Radko Gudas.
0:34 of 1st period - Shot Blocked by Quinn Hughes.
0:36 of 1st period - Slapshot by Zach Parise.
0:36 of 1st period - Stopped by Craig Anderson without a rebound.
0:37 of 1st period - Alexander Kerfoot wins face-off versus Philipp Kurashev in Canucks zone.
0:42 of 1st period - David Kampf is hit by Kasperi Kapanen and loses puck.
1:03 of 1st period - Andrei Kuzmenko is hit by Sam Lafferty and loses puck.
2:12 of 1st period - Snap shot by Mikko Rantanen.
2:12 of 1st period - Stopped by Craig Anderson with a rebound.
2:14 of 1st period - Wrist shot by Nico Hischier.
2:14 of 1st period - Shot Blocked by Alec Martinez.
2:16 of 1st period - Slapshot by Radko Gudas.
2:16 of 1st period - Deflect By Nico Hischier.
2:16 of 1st period - Deflect By John Tavares.
2:16 of 1st period - Stopped by Craig Anderson with a rebound.
2:18 of 1st period - Wrist shot by Nico Hischier.
2:18 of 1st period - Deflect By Mikko Rantanen.
2:18 of 1st period - Stopped by Craig Anderson with a rebound.
2:20 of 1st period - Slapshot by Andrej Sekera.
2:20 of 1st period - Stopped by Craig Anderson without a rebound.
2:21 of 1st period - Philipp Kurashev wins face-off versus Alexander Kerfoot in Canucks zone.
2:28 of 1st period - Snap shot by Eeli Tolvanen.
2:28 of 1st period - Stopped by Craig Anderson with a rebound.
2:46 of 1st period - Quinn Hughes is hit by Kevin Shattenkirk.
3:46 of 1st period - Philipp Kurashev is hit by Kyle Palmieri and loses puck.
4:03 of 1st period - Quinn Hughes is hit by Nick Seeler and loses puck.
4:08 of 1st period - Wrist shot by Jared McCann.
4:08 of 1st period - Shot Misses the Net.
4:26 of 1st period - Snap shot by Phillip Di Giuseppe.
4:26 of 1st period - Stopped by Craig Anderson with a rebound.
4:28 of 1st period - Slapshot by David Reinbacher.
4:28 of 1st period - Deflect By Phillip Di Giuseppe.
4:28 of 1st period - Stopped by Craig Anderson with a rebound.
4:48 of 1st period - Snap shot by Noah Cates.
4:48 of 1st period - Stopped by Jaroslav Halak without a rebound.
4:49 of 1st period - Alexander Kerfoot wins face-off versus Jared McCann in Wild zone.
5:02 of 1st period - Zach Parise is hit by David Kampf and loses puck.
5:39 of 1st period - Radko Gudas is hit by Timo Meier and loses puck.
6:21 of 1st period - Oliver Ekman-Larsson is hit by Tanner Pearson and loses puck.
6:30 of 1st period - Slapshot by Zach Hyman.
6:30 of 1st period - Stopped by Craig Anderson with a rebound.
6:49 of 1st period - Nick Seeler is hit by John Tavares.
7:11 of 1st period - Damon Severson is hit by Kevin Shattenkirk and loses puck.
7:24 of 1st period - David Reinbacher is hit by Damon Severson and loses puck.
7:31 of 1st period - David Kampf is hit by Phillip Di Giuseppe and loses puck.
7:44 of 1st period - Snap shot by Nikita Kucherov.
7:44 of 1st period - Deflect By Timo Meier.
7:44 of 1st period - Shot Misses the Net.
7:44 of 1st period - Puck is out of play.
7:45 of 1st period - John Tavares wins face-off versus Jared McCann in Wild zone.
7:51 of 1st period - Icing by Radko Gudas.
7:52 of 1st period - Jared McCann wins face-off versus Kyle Palmieri in Wild zone.
7:52 of 1st period - Jared McCann is hit by Andrew Copp.
8:00 of 1st period - Tanner Pearson is hit by Radko Gudas.
8:03 of 1st period - Off-side.
8:04 of 1st period - Nico Hischier wins face-off versus John Tavares in neutral zone.
8:42 of 1st period - Snap shot by Jared McCann.
8:42 of 1st period - Stopped by Craig Anderson with a rebound.
8:44 of 1st period - Wrist shot by Zach Parise.
8:44 of 1st period - Stopped by Craig Anderson without a rebound.
8:45 of 1st period - John Tavares wins face-off versus Philipp Kurashev in Canucks zone.
8:57 of 1st period - Snap shot by Eeli Tolvanen.
8:57 of 1st period - Shot Misses the Net.
9:15 of 1st period - Snap shot by Mikko Rantanen.
9:15 of 1st period - Shot Misses the Net.
9:21 of 1st period - Slapshot by Alexander Kerfoot.
9:21 of 1st period - Shot Misses the Net.
9:23 of 1st period - Snap shot by David Kampf.
9:23 of 1st period - Deflect By Noah Cates.
9:23 of 1st period - Stopped by Jaroslav Halak with a rebound.
9:35 of 1st period - Wrist shot by Jared McCann.
9:35 of 1st period - Stopped by Craig Anderson without a rebound.
9:36 of 1st period - Jared McCann wins face-off versus Kyle Palmieri in Canucks zone.
10:07 of 1st period - Wrist shot by Timo Meier.
10:07 of 1st period - Stopped by Jaroslav Halak with a rebound.
10:09 of 1st period - Slapshot by Damon Severson.
10:09 of 1st period - Shot Misses the Net.
10:11 of 1st period - Snap shot by Timo Meier.
10:11 of 1st period - Shot Misses the Net.
10:13 of 1st period - Slapshot by Quinn Hughes.
10:13 of 1st period - Shot Blocked by Nico Hischier.
10:31 of 1st period - Wrist shot by Phillip Di Giuseppe.
10:31 of 1st period - Stopped by Craig Anderson without a rebound.
10:32 of 1st period - Jared McCann wins face-off versus John Tavares in Canucks zone.
10:47 of 1st period - Snap shot by Jared McCann.
10:47 of 1st period - Shot Blocked by Nikita Kucherov.
10:57 of 1st period - Timo Meier is hit by Eeli Tolvanen.
11:39 of 1st period - Wrist shot by John Tavares.
11:39 of 1st period - Shot Misses the Net.
11:41 of 1st period - Snap shot by Alexander Kerfoot.
11:41 of 1st period - Shot Misses the Net.
11:43 of 1st period - Slapshot by Cody Ceci.
11:43 of 1st period - Shot Misses the Net.
11:45 of 1st period - Wrist shot by David Kampf.
11:45 of 1st period - Deflect By Alexander Kerfoot.
11:45 of 1st period - Deflect By Nick Seeler.
11:45 of 1st period - Stopped by Jaroslav Halak with a rebound.
11:47 of 1st period - Slapshot by Cody Ceci.
11:47 of 1st period - Deflect By David Kampf.
11:47 of 1st period - Shot Misses the Net.
11:47 of 1st period - Puck is out of play.
11:48 of 1st period - Jared McCann wins face-off versus Kyle Palmieri in Wild zone.
12:00 of 1st period - Andrew Copp beats up Radko Gudas.
12:00 of 1st period - Penalty to Andrew Copp for Fighting.
12:00 of 1st period - Penalty to Radko Gudas for Fighting.
12:01 of 1st period - Nico Hischier wins face-off versus Alexander Kerfoot in Wild zone.
12:25 of 1st period - Mikko Rantanen is hit by Quinn Hughes.
13:26 of 1st period - David Reinbacher is hit by Damon Severson and loses puck.
13:37 of 1st period - Mikko Rantanen is hit by Damon Severson and loses puck.
13:57 of 1st period - Wrist shot by Quinn Hughes.
13:57 of 1st period - Shot Blocked by David Reinbacher.
13:59 of 1st period - Wrist shot by Quinn Hughes.
13:59 of 1st period - Deflect By Noah Cates.
13:59 of 1st period - Shot Misses the Net.
13:59 of 1st period - Puck is out of play.
14:00 of 1st period - Jared McCann wins face-off versus Kyle Palmieri in Wild zone.
14:32 of 1st period - Justin Schultz is hit by Oliver Ekman-Larsson and loses puck.
14:51 of 1st period - Backhand shot by Andrei Kuzmenko.
14:51 of 1st period - Shot Misses the Net.
16:17 of 1st period - Nikita Kucherov is hit by Kasperi Kapanen and loses puck.
16:34 of 1st period - Kyle Palmieri is hit by Philipp Kurashev and loses puck.
16:55 of 1st period - Zach Parise is hit by Nikita Kucherov and loses puck.
17:18 of 1st period - Sam Lafferty is hit by David Kampf and loses puck.
17:43 of 1st period - Justin Schultz is hit by Nico Hischier.
Goals for this period are 0 for Wild vs 0 for Canucks.
Shots for this period are 14 for Wild vs 4 for Canucks.

2nd period


0:01 of 2nd period - John Tavares wins face-off versus Jared McCann in neutral zone.
0:32 of 2nd period - Tanner Pearson is hit by Kasperi Kapanen and loses puck.
0:51 of 2nd period - Snap shot by Alexander Kerfoot.
0:51 of 2nd period - Shot Misses the Net.
0:53 of 2nd period - Slapshot by Quinn Hughes.
0:53 of 2nd period - Stopped by Jaroslav Halak with a rebound.
0:55 of 2nd period - Snap shot by David Kampf.
0:55 of 2nd period - Stopped by Jaroslav Halak with a rebound.
1:18 of 2nd period - Minor Penalty to Phillip Di Giuseppe for High sticking.
1:19 of 2nd period - Philipp Kurashev wins face-off versus John Tavares in Wild zone.
1:23 of 2nd period - John Tavares is hit by Oliver Ekman-Larsson and loses puck.
1:46 of 2nd period - Tanner Pearson is hit by Zach Hyman and loses puck.
1:57 of 2nd period - Oliver Ekman-Larsson is hit by Damon Severson.
3:18 of 2nd period - Penalty to Phillip Di Giuseppe is over, Phillip Di Giuseppe is back on ice.
3:44 of 2nd period - Andrei Kuzmenko is hit by Zach Sanford and loses puck.
4:16 of 2nd period - Snap shot by Tanner Pearson.
4:16 of 2nd period - Deflect By Kyle Palmieri.
4:16 of 2nd period - Shot Misses the Net.
4:16 of 2nd period - Puck is out of play.
4:17 of 2nd period - Nico Hischier wins face-off versus Kyle Palmieri in Wild zone.
4:44 of 2nd period - Slapshot by Noah Cates.
4:44 of 2nd period - Shot Misses the Net.
4:46 of 2nd period - Snap shot by Quinn Hughes.
4:46 of 2nd period - Stopped by Jaroslav Halak without a rebound.
4:47 of 2nd period - Jared McCann wins face-off versus John Tavares in Wild zone.
5:15 of 2nd period - Snap shot by Kyle Palmieri.
5:15 of 2nd period - Stopped by Jaroslav Halak with a rebound.
5:41 of 2nd period - Wrist shot by Alexander Kerfoot.
5:41 of 2nd period - Shot Blocked by Kevin Shattenkirk.
5:43 of 2nd period - Slapshot by Damon Severson.
5:43 of 2nd period - Stopped by Jaroslav Halak with a rebound.
6:02 of 2nd period - Snap shot by Phillip Di Giuseppe.
6:02 of 2nd period - Shot Misses the Net.
7:14 of 2nd period - Icing by Kyle Palmieri.
7:15 of 2nd period - Alexander Kerfoot wins face-off versus Sam Lafferty in Canucks zone.
7:24 of 2nd period - Snap shot by Sam Lafferty.
7:24 of 2nd period - Stopped by Craig Anderson without a rebound.
7:25 of 2nd period - Timo Meier wins face-off versus Jared McCann in Canucks zone.
7:30 of 2nd period - Jared McCann is hit by Nikita Kucherov and loses puck.
7:51 of 2nd period - Tanner Pearson is hit by Oliver Ekman-Larsson and loses puck.
8:08 of 2nd period - Icing by Oliver Ekman-Larsson.
8:09 of 2nd period - Nico Hischier wins face-off versus Alexander Kerfoot in Wild zone.
8:20 of 2nd period - Snap shot by Alexander Kerfoot.
8:20 of 2nd period - Shot Misses the Net.
8:41 of 2nd period - Minor Penalty to John Tavares for Interference.
8:42 of 2nd period - Nico Hischier wins face-off versus Timo Meier in Canucks zone.
9:12 of 2nd period - Quinn Hughes is hit by Eeli Tolvanen and loses puck.
10:41 of 2nd period - Penalty to John Tavares is over, John Tavares is back on ice.
10:46 of 2nd period - Kevin Shattenkirk is hit by Cody Ceci.
11:08 of 2nd period - Sam Lafferty is hit by Cody Ceci.
11:35 of 2nd period - Snap shot by Andrew Copp.
11:35 of 2nd period - Shot Blocked by Radko Gudas.
11:37 of 2nd period - Wrist shot by Alexander Kerfoot.
11:37 of 2nd period - Shot Misses the Net.
11:53 of 2nd period - David Reinbacher is hit by Andrei Kuzmenko and loses puck.
12:12 of 2nd period - Slapshot by Quinn Hughes.
12:12 of 2nd period - Shot Blocked by Oliver Ekman-Larsson.
13:06 of 2nd period - Damon Severson is hit by Sam Lafferty and loses puck.
13:30 of 2nd period - Off-side.
13:31 of 2nd period - Mattias Janmark wins face-off versus Jared McCann in neutral zone.
13:54 of 2nd period - Backhand shot by Kyle Palmieri.
13:54 of 2nd period - Stopped by Jaroslav Halak with a rebound.
14:18 of 2nd period - Wrist shot by John Tavares.
14:18 of 2nd period - Stopped by Jaroslav Halak with a rebound.
14:20 of 2nd period - Slapshot by Justin Schultz.
14:20 of 2nd period - Shot Misses the Net.
14:22 of 2nd period - Snap shot by John Tavares.
14:22 of 2nd period - Stopped by Jaroslav Halak with a rebound.
14:27 of 2nd period - Icing by Nick Seeler.
14:28 of 2nd period - Alexander Kerfoot wins face-off versus Nico Hischier in Wild zone.
14:58 of 2nd period - Off-side.
14:59 of 2nd period - Nikita Kucherov wins face-off versus Jared McCann in neutral zone.
15:02 of 2nd period - Snap shot by Nikita Kucherov.
15:02 of 2nd period - Shot Misses the Net.
15:26 of 2nd period - Cody Ceci is hit by Philipp Kurashev and loses puck.
15:33 of 2nd period - Snap shot by Andrew Copp.
15:33 of 2nd period - Stopped by Jaroslav Halak with a rebound.
15:35 of 2nd period - Slapshot by Quinn Hughes.
15:35 of 2nd period - Deflect By Tanner Pearson.
15:35 of 2nd period - Deflect By Eeli Tolvanen.
15:35 of 2nd period - Stopped by Jaroslav Halak without a rebound.
15:36 of 2nd period - Nico Hischier wins face-off versus Alexander Kerfoot in Wild zone.
16:01 of 2nd period - Quinn Hughes is hit by Zach Parise.
16:07 of 2nd period - Slapshot by Quinn Hughes.
16:07 of 2nd period - Stopped by Jaroslav Halak with a rebound.
16:09 of 2nd period - Slapshot by Quinn Hughes.
16:09 of 2nd period - Deflect By John Tavares.
16:09 of 2nd period - Shot Blocked by Jared McCann.
16:09 of 2nd period - Puck is out of play.
16:10 of 2nd period - Jared McCann wins face-off versus Kyle Palmieri in Wild zone.
16:17 of 2nd period - Backhand shot by Jared McCann.
16:17 of 2nd period - Shot Misses the Net.
16:23 of 2nd period - Tanner Pearson is hit by Zach Hyman and loses puck.
16:32 of 2nd period - Alec Martinez is hit by Zach Parise and loses puck.
16:53 of 2nd period - Wrist shot by Andrew Copp.
16:53 of 2nd period - Shot Misses the Net.
16:55 of 2nd period - Snap shot by Cody Ceci.
16:55 of 2nd period - Shot Blocked by Kevin Shattenkirk.
16:57 of 2nd period - Wrist shot by Cody Ceci.
16:57 of 2nd period - Stopped by Jaroslav Halak with a rebound.
16:59 of 2nd period - Snap shot by Andrew Copp.
16:59 of 2nd period - Goal by Andrew Copp - Wild : 0 - Canucks : 1.
17:00 of 2nd period - Nico Hischier wins face-off versus John Tavares in neutral zone.
17:00 of 2nd period - Nico Hischier is hit by John Tavares.
17:10 of 2nd period - Wrist shot by John Tavares.
17:10 of 2nd period - Stopped by Jaroslav Halak without a rebound.
17:11 of 2nd period - John Tavares wins face-off versus Mikko Rantanen in Wild zone.
17:24 of 2nd period - Slapshot by Timo Meier.
17:24 of 2nd period - Stopped by Jaroslav Halak without a rebound.
17:25 of 2nd period - Jared McCann wins face-off versus John Tavares in Wild zone.
17:42 of 2nd period - Slapshot by Quinn Hughes.
17:42 of 2nd period - Shot Misses the Net.
17:59 of 2nd period - Slapshot by John Klingberg.
17:59 of 2nd period - Stopped by Jaroslav Halak with a rebound.
18:19 of 2nd period - Snap shot by Phillip Di Giuseppe.
18:19 of 2nd period - Shot Misses the Net.
18:21 of 2nd period - Snap shot by Sam Lafferty.
18:21 of 2nd period - Shot Misses the Net.
18:23 of 2nd period - Backhand shot by Sam Lafferty.
18:23 of 2nd period - Shot Misses the Net.
18:25 of 2nd period - Snap shot by Andrej Sekera.
18:25 of 2nd period - Shot Blocked by John Klingberg.
18:43 of 2nd period - Slapshot by Andrew Copp.
18:43 of 2nd period - Shot Misses the Net.
18:45 of 2nd period - Slapshot by John Klingberg.
18:45 of 2nd period - Shot Blocked by Radko Gudas.
18:47 of 2nd period - Slapshot by John Klingberg.
18:47 of 2nd period - Shot Blocked by Radko Gudas.
19:21 of 2nd period - Wrist shot by Nico Hischier.
19:21 of 2nd period - Shot Misses the Net.
19:41 of 2nd period - Wrist shot by Quinn Hughes.
19:41 of 2nd period - Deflect By Tanner Pearson.
19:41 of 2nd period - Shot Blocked by Oliver Ekman-Larsson.
19:41 of 2nd period - Puck is out of play.
19:42 of 2nd period - Jared McCann wins face-off versus Kyle Palmieri in Wild zone.
19:49 of 2nd period - Wrist shot by Zach Hyman.
19:49 of 2nd period - Goal by Zach Hyman - Wild : 1 - Canucks : 1.
19:50 of 2nd period - Jared McCann wins face-off versus John Tavares in neutral zone.
19:57 of 2nd period - Wrist shot by Jared McCann.
19:57 of 2nd period - Stopped by Craig Anderson without a rebound.
19:58 of 2nd period - John Tavares wins face-off versus Jared McCann in Canucks zone.
Goals for this period are 1 for Wild vs 1 for Canucks.
Shots for this period are 3 for Wild vs 16 for Canucks.

3rd period


0:01 of 3rd period - John Tavares wins face-off versus Jared McCann in neutral zone.
0:36 of 3rd period - Wrist shot by Nico Hischier.
0:36 of 3rd period - Shot Misses the Net.
0:38 of 3rd period - Snap shot by Mikko Rantanen.
0:38 of 3rd period - Shot Misses the Net.
0:40 of 3rd period - Slapshot by Ryan Strome.
0:40 of 3rd period - Stopped by Craig Anderson with a rebound.
1:14 of 3rd period - Slapshot by Timo Meier.
1:14 of 3rd period - Shot Misses the Net.
1:16 of 3rd period - Slapshot by Justin Schultz.
1:16 of 3rd period - Shot Blocked by Phillip Di Giuseppe.
1:18 of 3rd period - Slapshot by John Klingberg.
1:18 of 3rd period - Stopped by Jaroslav Halak with a rebound.
1:32 of 3rd period - Wrist shot by Zach Hyman.
1:32 of 3rd period - Deflect By Jared McCann.
1:32 of 3rd period - Shot Misses the Net.
1:32 of 3rd period - Puck is out of play.
1:33 of 3rd period - Alexander Kerfoot wins face-off versus Jared McCann in Canucks zone.
1:42 of 3rd period - Damon Severson is hit by Jared McCann and loses puck.
2:12 of 3rd period - Zach Parise is hit by Damon Severson and loses puck.
2:42 of 3rd period - Slapshot by Justin Schultz.
2:42 of 3rd period - Shot Blocked by Zach Parise.
2:48 of 3rd period - Wrist shot by Jared McCann.
2:48 of 3rd period - Shot Misses the Net.
2:50 of 3rd period - Snap shot by Zach Hyman.
2:50 of 3rd period - Stopped by Craig Anderson with a rebound.
2:52 of 3rd period - Snap shot by Jared McCann.
2:52 of 3rd period - Stopped by Craig Anderson with a rebound.
2:54 of 3rd period - Wrist shot by David Reinbacher.
2:54 of 3rd period - Shot Misses the Net.
2:56 of 3rd period - Snap shot by Zach Parise.
2:56 of 3rd period - Shot Misses the Net.
2:58 of 3rd period - Slapshot by Nick Seeler.
2:58 of 3rd period - Shot Misses the Net.
3:00 of 3rd period - Snap shot by Jared McCann.
3:00 of 3rd period - Stopped by Craig Anderson with a rebound.
3:02 of 3rd period - Slapshot by Jared McCann.
3:02 of 3rd period - Shot Misses the Net.
3:04 of 3rd period - Slapshot by David Reinbacher.
3:04 of 3rd period - Shot Misses the Net.
3:06 of 3rd period - Wrist shot by Zach Parise.
3:06 of 3rd period - Shot Blocked by Justin Schultz.
3:08 of 3rd period - Snap shot by Zach Parise.
3:08 of 3rd period - Deflect By Jared McCann.
3:08 of 3rd period - Stopped by Craig Anderson without a rebound.
3:09 of 3rd period - Nico Hischier wins face-off versus John Tavares in Canucks zone.
3:09 of 3rd period - Nico Hischier is hit by John Tavares.
4:18 of 3rd period - Wrist shot by Nico Hischier.
4:18 of 3rd period - Stopped by Craig Anderson without a rebound.
4:19 of 3rd period - Mikko Rantanen wins face-off versus John Tavares in Canucks zone.
4:24 of 3rd period - Slapshot by Nico Hischier.
4:24 of 3rd period - Stopped by Craig Anderson without a rebound.
4:25 of 3rd period - Mikko Rantanen wins face-off versus Kyle Palmieri in Canucks zone.
4:28 of 3rd period - Snap shot by Nico Hischier.
4:28 of 3rd period - Stopped by Craig Anderson with a rebound.
5:12 of 3rd period - Andrei Kuzmenko is hit by Radko Gudas and loses puck.
5:21 of 3rd period - Wrist shot by Zach Sanford.
5:21 of 3rd period - Stopped by Craig Anderson with a rebound.
5:42 of 3rd period - Slapshot by Quinn Hughes.
5:42 of 3rd period - Shot Misses the Net.
5:44 of 3rd period - Backhand shot by Tanner Pearson.
5:44 of 3rd period - Shot Misses the Net.
6:34 of 3rd period - Alec Martinez is hit by Zach Parise and loses puck.
6:41 of 3rd period - Noah Cates is hit by Nick Seeler and loses puck.
6:48 of 3rd period - David Reinbacher is hit by David Kampf and loses puck.
7:31 of 3rd period - Timo Meier is hit by Kevin Shattenkirk and loses puck.
8:04 of 3rd period - Timo Meier is hit by Radko Gudas and loses puck.
8:35 of 3rd period - Jared McCann is hit by David Kampf and loses puck.
9:09 of 3rd period - Zach Sanford is hit by Mattias Janmark.
9:15 of 3rd period - Wrist shot by Phillip Di Giuseppe.
9:15 of 3rd period - Shot Blocked by Alec Martinez.
9:17 of 3rd period - Slapshot by Nick Seeler.
9:17 of 3rd period - Shot Misses the Net.
9:55 of 3rd period - Slapshot by John Tavares.
9:55 of 3rd period - Stopped by Jaroslav Halak with a rebound.
10:20 of 3rd period - Wrist shot by Kasperi Kapanen.
10:20 of 3rd period - Goal by Kasperi Kapanen - Wild : 2 - Canucks : 1.
10:21 of 3rd period - Kyle Palmieri wins face-off versus Nico Hischier in neutral zone.
10:24 of 3rd period - Slapshot by Quinn Hughes.
10:24 of 3rd period - Shot Blocked by Andrej Sekera.
11:08 of 3rd period - Icing by Kevin Shattenkirk.
11:09 of 3rd period - Sam Lafferty wins face-off versus Trent Frederic in Wild zone.
11:21 of 3rd period - Off-side.
11:22 of 3rd period - Kyle Palmieri wins face-off versus Nico Hischier in neutral zone.
11:58 of 3rd period - Slapshot by Nikita Kucherov.
11:58 of 3rd period - Shot Blocked by Zach Parise.
12:22 of 3rd period - Wrist shot by Quinn Hughes.
12:22 of 3rd period - Stopped by Jaroslav Halak with a rebound.
12:24 of 3rd period - Wrist shot by Alexander Kerfoot.
12:24 of 3rd period - Shot Blocked by Eeli Tolvanen.
12:33 of 3rd period - Icing by Oliver Ekman-Larsson.
12:34 of 3rd period - Sam Lafferty wins face-off versus Kyle Palmieri in Wild zone.
12:34 of 3rd period - Sam Lafferty is hit by Tanner Pearson.
12:44 of 3rd period - Snap shot by Andrew Copp.
12:44 of 3rd period - Shot Misses the Net.
12:46 of 3rd period - Snap shot by Kyle Palmieri.
12:46 of 3rd period - Shot Misses the Net.
12:48 of 3rd period - Slapshot by Tanner Pearson.
12:48 of 3rd period - Shot Misses the Net.
12:50 of 3rd period - Slapshot by Andrew Copp.
12:50 of 3rd period - Stopped by Jaroslav Halak without a rebound.
12:51 of 3rd period - Nico Hischier wins face-off versus John Tavares in Wild zone.
12:51 of 3rd period - Nico Hischier is hit by John Tavares.
13:03 of 3rd period - Snap shot by John Tavares.
13:03 of 3rd period - Stopped by Jaroslav Halak with a rebound.
13:37 of 3rd period - Eeli Tolvanen is hit by John Klingberg and loses puck.
13:59 of 3rd period - Minor Penalty to Nick Seeler for Tripping.
14:00 of 3rd period - Kyle Palmieri wins face-off versus Zach Hyman in Wild zone.
14:05 of 3rd period - Slapshot by Quinn Hughes.
14:05 of 3rd period - Goal by Quinn Hughes - Wild : 2 - Canucks : 2.
14:06 of 3rd period - John Tavares wins face-off versus Nico Hischier in neutral zone.
14:17 of 3rd period - Minor Penalty to Timo Meier for Goalie Interference.
14:18 of 3rd period - Nikita Kucherov wins face-off versus Philipp Kurashev in Canucks zone.
14:27 of 3rd period - Wrist shot by Philipp Kurashev.
14:27 of 3rd period - Shot Misses the Net.
14:29 of 3rd period - Slapshot by Radko Gudas.
14:29 of 3rd period - Deflect By Jared McCann.
14:29 of 3rd period - Shot Misses the Net.
14:29 of 3rd period - Puck is out of play.
14:30 of 3rd period - Nico Hischier wins face-off versus Alexander Kerfoot in Canucks zone.
14:35 of 3rd period - Slapshot by Nico Hischier.
14:35 of 3rd period - Stopped by Craig Anderson without a rebound.
14:36 of 3rd period - Nikita Kucherov wins face-off versus Nico Hischier in Canucks zone.
14:58 of 3rd period - Wrist shot by Ryan Strome.
14:58 of 3rd period - Deflect By Mikko Rantanen.
14:58 of 3rd period - Shot Misses the Net.
14:58 of 3rd period - Puck is out of play.
14:59 of 3rd period - Nikita Kucherov wins face-off versus Philipp Kurashev in Canucks zone.
15:24 of 3rd period - Oliver Ekman-Larsson is hit by Kyle Palmieri and loses puck.
16:05 of 3rd period - Eeli Tolvanen is hit by John Klingberg and loses puck.
16:17 of 3rd period - Penalty to Timo Meier is over, Timo Meier is back on ice.
16:24 of 3rd period - Tanner Pearson is hit by Radko Gudas.
16:36 of 3rd period - Timo Meier is hit by Radko Gudas.
17:32 of 3rd period - Andrej Sekera is hit by John Klingberg and loses puck.
18:20 of 3rd period - Kyle Palmieri is hit by Zach Sanford and loses puck.
18:29 of 3rd period - Slapshot by Kevin Shattenkirk.
18:29 of 3rd period - Stopped by Craig Anderson without a rebound.
18:30 of 3rd period - Alexander Kerfoot wins face-off versus Philipp Kurashev in Canucks zone.
18:42 of 3rd period - Eeli Tolvanen is hit by Alexander Kerfoot and loses puck.
19:18 of 3rd period - Wrist shot by Eeli Tolvanen.
19:18 of 3rd period - Stopped by Craig Anderson with a rebound.
19:20 of 3rd period - Slapshot by Kevin Shattenkirk.
19:20 of 3rd period - Shot Misses the Net.
19:22 of 3rd period - Wrist shot by Philipp Kurashev.
19:22 of 3rd period - Shot Misses the Net.
19:30 of 3rd period - Snap shot by Kasperi Kapanen.
19:30 of 3rd period - Stopped by Craig Anderson with a rebound.
19:32 of 3rd period - Slapshot by David Reinbacher.
19:32 of 3rd period - Stopped by Craig Anderson without a rebound.
19:33 of 3rd period - John Tavares wins face-off versus Jared McCann in Canucks zone.
19:35 of 3rd period - Minor Penalty to Timo Meier for Hooking.
19:36 of 3rd period - Nico Hischier wins face-off versus Nikita Kucherov in Canucks zone.
19:48 of 3rd period - Slapshot by Nico Hischier.
19:48 of 3rd period - Deflect By Mikko Rantanen.
19:48 of 3rd period - Stopped by Craig Anderson with a rebound.
Goals for this period are 1 for Wild vs 1 for Canucks.
Shots for this period are 16 for Wild vs 6 for Canucks.

Overtime #1


0:01 of 1st overtime period - Mikko Rantanen wins face-off versus Alexander Kerfoot in neutral zone.
0:35 of 1st overtime period - Snap shot by Jared McCann.
0:35 of 1st overtime period - Stopped by Craig Anderson without a rebound.
0:36 of 1st overtime period - Alexander Kerfoot wins face-off versus Ryan Strome in Canucks zone.
1:35 of 1st overtime period - Penalty to Timo Meier is over, Timo Meier is back on ice.
2:19 of 1st overtime period - Nikita Kucherov is hit by David Reinbacher and loses puck.
2:40 of 1st overtime period - Wrist shot by Andrew Copp.
2:40 of 1st overtime period - Shot Blocked by Radko Gudas.
2:42 of 1st overtime period - Snap shot by Andrew Copp.
2:42 of 1st overtime period - Stopped by Jaroslav Halak with a rebound.
2:44 of 1st overtime period - Slapshot by Damon Severson.
2:44 of 1st overtime period - Shot Blocked by Zach Parise.
3:29 of 1st overtime period - Tanner Pearson is hit by Kevin Shattenkirk and loses puck.
3:39 of 1st overtime period - Icing by Jared McCann.
3:40 of 1st overtime period - John Tavares wins face-off versus Jared McCann in Wild zone.
3:41 of 1st overtime period - Snap shot by Timo Meier.
3:41 of 1st overtime period - Shot Blocked by Kevin Shattenkirk.
3:43 of 1st overtime period - Snap shot by John Tavares.
3:43 of 1st overtime period - Stopped by Jaroslav Halak with a rebound.
3:45 of 1st overtime period - Snap shot by Quinn Hughes.
3:45 of 1st overtime period - Stopped by Jaroslav Halak without a rebound.
3:46 of 1st overtime period - John Tavares wins face-off versus Nico Hischier in Wild zone.
4:11 of 1st overtime period - Quinn Hughes is hit by Radko Gudas and loses puck.
4:18 of 1st overtime period - Snap shot by Jared McCann.
4:18 of 1st overtime period - Shot Misses the Net.
Goals for this period are 0 for Wild vs 0 for Canucks.
Shots for this period are 1 for Wild vs 3 for Canucks.

ShootOut


5:00 of 1st overtime period - Round #1.
5:00 of 1st overtime period - Wild, Mikko Rantanen.
5:00 of 1st overtime period - Deke by Mikko Rantanen.
5:00 of 1st overtime period - Shot Misses the Net.
5:00 of 1st overtime period - Canucks, Timo Meier.
5:00 of 1st overtime period - Deke by Timo Meier.
5:00 of 1st overtime period - Goal by Timo Meier.
5:00 of 1st overtime period - Round #2.
5:00 of 1st overtime period - Wild, Nico Hischier.
5:00 of 1st overtime period - Deke by Nico Hischier.
5:00 of 1st overtime period - Goal by Nico Hischier.
5:00 of 1st overtime period - Canucks, John Tavares.
5:00 of 1st overtime period - Deke by John Tavares.
5:00 of 1st overtime period - Stopped by Jaroslav Halak.
5:00 of 1st overtime period - Round #3.
5:00 of 1st overtime period - Wild, Jared McCann.
5:00 of 1st overtime period - Wrist shot by Jared McCann.
5:00 of 1st overtime period - Stopped by Craig Anderson.
5:00 of 1st overtime period - Canucks, Nikita Kucherov.
5:00 of 1st overtime period - Wrist shot by Nikita Kucherov.
5:00 of 1st overtime period - Goal by Nikita Kucherov.